 Dungeon Crawl Stone Soup version 0.32-a0-711-g016ad743e0 (webtiles) character file.

Game seed: 17137222260236587629

24 Fodor the Trooper (level 2, -7/27 HPs)
             Began as a Minotaur Fighter on Mar 15, 2024.
             Killed from afar by Terence (11 damage)
             ... with a puff of flame
             ... on level 2 of the Dungeon.
             The game lasted 00:02:10 (710 turns).

Fodor the Trooper (Minotaur Fighter)                 Turns: 710, Time: 00:02:16

Health: -7/27      AC: 10    Str: 20    XL:     2   Next: 79%
Magic:  1/1        EV:  8    Int:  5    God:
Gold:   52         SH:  4    Dex:  9    Spells: 1/1 levels left

rFire   . . .        a - +0 war axe
rCold   . . .        c - +0 buckler
rNeg    . . .        b - +0 scale mail
rPois   .            (helmet restricted)
rElec   .            f - +2 cloak
rCorr   .            (no gloves)
SInv    .            (no boots)
Will    .....        (no amulet) Stlth
                     (no ring)
HPRegen 0.24/turn    (no ring)
MPRegen 0.07/turn

%: no passive effects
@: no status effects
A: horns 2, retaliatory headbutt
a: no special abilities


You were on level 2 of the Dungeon.
You visited 1 branch of the dungeon, and saw 2 of its levels.

You collected 52 gold pieces.

Inventory:

Hand Weapons
 a - a +0 war axe (weapon)
Armour
 b - a +0 scale mail (worn)
 c - a +0 buckler (worn)
 e - a scarf of repulsion
 f - a +2 cloak (worn)
Jewellery
 l - an amulet of the acrobat
Scrolls
 h - a scroll of enchant weapon {unknown}
 i - a scroll of revelation {unknown}
 m - a scroll of immolation {unknown}
Potions
 d - a potion of might
 g - 2 potions of curing {unknown}
 j - a potion of haste {unknown}
 k - a potion of degeneration {unknown}


   Skills:
 + Level 4.0 Fighting
 + Level 2.9 Axes
 + Level 4.0 Armour
 + Level 4.0 Shields


You had one spell level left.
You didn't know any spells.
Your spell library was empty.

Dungeon Overview and Level Annotations

Branches:
Dungeon (2/15)

Altars:

Shops:
D:2 (

Annotations:
D:2 Terence


Innate Abilities, Weirdness & Mutations

You have a pair of horns on your head.
You reflexively headbutt those who attack you in melee.


Message History

You kill the hobgoblin!
A goblin comes into view. It is wielding a +0 club.
You see here a hobgoblin corpse.
The goblin shouts!
You hear a shout!
Terence says, "How do you enjoy it?"
You barely miss Terence. Terence hits you but does no damage.
You hit Terence but do no damage. Terence hits you with a +0 mace.
The goblin closely misses you. You furiously retaliate!
You headbutt the goblin!
You kill the goblin!
A goblin comes into view. It is wielding a +0 club.
Terence zaps a wand.
The puff of flame hits you but does no damage.
The goblin shouts!
You hit Terence but do no damage. Your headbutt misses Terence.
You hear an angry hiss.
Terence hits you with a +0 mace.
You completely miss Terence. You headbutt Terence.
Terence is lightly wounded.
Terence zaps a wand.
The puff of flame hits you.
You hit Terence but do no damage.
Terence is lightly wounded.
Terence hits you but does no damage.
Terence zaps a wand.
The puff of flame misses you.
You barely miss Terence.
Terence is lightly wounded.
Terence hits you with a +0 mace!
* * * LOW HITPOINT WARNING * * *
A ball python comes into view.
You hit Terence but do no damage. You headbutt Terence.
Terence is lightly wounded.
Terence hits you but does no damage.
Unknown command.
You hit Terence. You headbutt Terence, but do no damage.
Terence is moderately wounded.
You slash the goblin!
You kill the goblin!
Terence zaps a wand.
The puff of flame hits you!
You die...
Terence says, "Time to find some more victims."

#..............
###..............
. ...∩..?.........
..##...?..........
.................
#. #..>...........
#..#..............
.........†........
.......@..........
#.....)@<...#.....
#..........## #...
#............. ..
#............... .
#........S....!.
###.............
#...[.........
#.............


You could see Terence and a ball python.

Vanquished Creatures
  A dart slug (D:1)
  2 endoplasms (D:1)
  A giant cockroach (D:1)
  4 goblins
  4 hobgoblins
  2 quokkas (D:1)
  A ball python (D:1)
  4 kobolds (D:1)
  2 rats (D:1)
21 creatures vanquished.

Notes
Turn   | Place    | Note
-------+----------+-------------------------------------------
     0 | D:1      | Fodor the Minotaur Fighter began the quest for the Orb.
     0 | D:1      | Reached XP level 1. HP: 19/19 MP: 0/0
   202 | D:1      | Reached XP level 2. HP: 27/27 MP: 1/1
   695 | D:2      | Noticed Terence
   695 | D:2      | Found Aheirobb's Weapon Emporium.
   710 | D:2      | Killed from afar by Terence

Illustrated notes

Levels and vault maps discovered:
D:1:      lemuel_arrival_cross, layout_basic, nrook_mini_backslash
D:2:      layout_rooms, shapermc_ecumenical_altar_flowoftime, serial_shops,
          shop, grunt_ministairs_11, uniq_terence

Skill      XL: |  1  2 |
---------------+-------+-----
Fighting       | 4 |  4.0
Armour         | 4 |  4.0
Shields        | 4 |  4.0
Axes           | |  2.9

Action                     || total
---------------------------++-------
  Melee: War axe           ||    37
         Headbutt          ||     9
 Armour: Scale mail        ||    32
  Dodge: Dodged            ||     7
  Block: Buckler           ||     4

Table legend: (Time is in decaauts)
 A = Elapsed time spent in this place.
 B = Non-inter-level travel time spent in this place.
 C = Inter-level travel time spent in this place.
 D = Time resting spent in this place.
 E = Time spent auto-exploring this place.
 F = Levels seen in this place.
 G = Mean time per level.
                   A        B        C        D        E       F      G
               +--------+--------+--------+--------+--------+-----+--------+
         Total |    723 |    723 |      0 |      0 |    523 |   2 |  361.5 |
       Dungeon |    723 |    723 |      0 |      0 |    523 |   2 |  361.5 |
               +--------+--------+--------+--------+--------+-----+--------+

Top non-repeatable levels by time:
     D:1: 706 daAuts
     D:2: 17 daAuts
